 Dungeon Crawl Stone Soup version 0.26.1-11-gd32895ea62 (webtiles) character file.

Game seed: 10372076856872059263

243 Zeld the Chucker (level 6, -2/39 HPs)
             Began as an Octopode Gladiator on May 23, 2021.
             Slain by a gnoll
             ... wielding a +0 whip
              (5 damage)
             ... on level 2 of the Dungeon.
             The game lasted 00:03:09 (3303 turns).

Zeld the Chucker (Octopode Gladiator)               Turns: 3303, Time: 00:03:10

Health: -2/39      AC:  1    Str: 15    XL:     6   Next: 9%
Magic:  6/6        EV: 18    Int: 10    God:
Gold:   110        SH:  0    Dex: 14    Spells: 5/5 levels left

rFire    . . .     SeeInvis .   a - +2 quarterstaff (chaos)
rCold    . . .     Faith    .   (shield currently unavailable)
rNeg     . . .     Spirit   .   n - +0 hat
rPois    .         Reflect  .   (no amulet)
rElec    .         Harm     .   k - +4 ring of evasion
rCorr    .         Rampage  .   (no ring)
Will     .....                  (no ring)
Stlth    ++........             (no ring)
HPRegen  0.13/turn              (no ring)
MPRegen  0.10/turn              (no ring)
                                (no ring)
                                (no ring)

@: no status effects
A: almost no armour, stealthy swim, amphibious, 8 rings, constrict 8, camouflage
1, gelatinous body 1
a: no special abilities


You were on level 2 of the Dungeon.
You visited 1 branch of the dungeon, and saw 3 of its levels.

You collected 110 gold pieces.

Inventory:

Hand Weapons
 a - a +2 quarterstaff of chaos (weapon)
Missiles
 b - 3 throwing nets (quivered)
Armour
 n - a +0 hat (worn)
Jewellery
 k - a +4 ring of evasion (left tentacle)
Wands
 c - a wand of random effects (26)
 l - a wand of iceblast (11)
Scrolls
 e - 4 scrolls of remove curse
 g - a scroll of fog {unknown}
 h - 2 scrolls of identify {unknown}
 j - a scroll of magic mapping {unknown}
 m - a scroll of amnesia {unknown}
 o - a scroll of blinking {unknown}
Potions
 d - a potion of brilliance {unknown}
 f - a potion of might
 i - a potion of degeneration {unknown}


   Skills:
 - Level 2.0 Fighting
 * Level 1.3 Staves
 - Level 6.0 Throwing
 - Level 3.0 Dodging
 - Level 3.0 Unarmed Combat


You had 5 spell levels left.
You didn't know any spells.
Your spell library was empty.

Dungeon Overview and Level Annotations

Branches:
Dungeon (3/15)

Altars:
Ashenzari
Cheibriados
Dithmenos
Elyvilon
Fedhas
Makhleb
Yredelemnul


Innate Abilities, Weirdness & Mutations

You cannot wear most types of armour.
You are very stealthy in the water. (Stealth+)
You are amphibious.
You can wear up to eight rings at the same time.
You can use your tentacles to constrict eight enemies at once.
Your skin changes colour to match your surroundings (Stealth+).
Your rubbery body absorbs attacks. (AC +1, EV +1)


Message History

The gnoll shaman calls upon its god to speed up the gnoll.
The gnoll seems to speed up.
You sock the gnoll shaman!
You kill the gnoll shaman!
The gnoll hits you with a +0 whip.
Your Staves skill increases to level 1!
You have reached level 6!
Your experience leads to an increase in your attributes!
Increase (S)trength, (I)ntelligence, or (D)exterity?
You feel stronger. The gnoll hits you with a +0 whip.
The gnoll hits you from afar with a +0 halberd of protection!
* * * LOW HITPOINT WARNING * * *
The gnoll hits you but does no damage.
You climb upwards.
There is a stone staircase leading down here.
You sock the gnoll! You burn the gnoll. You grab the gnoll.
The gnoll is severely wounded.
You constrict the gnoll. The gnoll hits you with a +0 whip.
You die...

##########.#.....#
##...).#......##..#
##<.................
#...............####
#...................
#...................
#...................
#...g...............
#..@............####
##.............##
##.....#.....##
##########.## #.#
#.# #.# ####.##### #
#........###


You could see a gnoll (fast).

Vanquished Creatures
  Crazy Yiuf (D:2)
  A gnoll shaman (D:3)
  Robin (D:2)
  6 adders
  A gnoll (D:3)
  An ooze (D:3)
  2 worms (D:2)
  4 dart slugs
  A leopard gecko (D:3)
  5 giant cockroaches
  16 goblins
  13 hobgoblins
  9 jackals
  2 quokkas (D:3)
  9 bats
  2 frilled lizards (D:2)
  6 kobolds
  8 rats
88 creatures vanquished.

Vanquished Creatures (others)
  2 fungi (D:2)
2 creatures vanquished.

Grand Total: 90 creatures vanquished

Notes
Turn   | Place    | Note
-------+----------+-------------------------------------------
     0 | D:1      | Zeld the Octopode Gladiator began the quest for the Orb.
     0 | D:1      | Reached XP level 1. HP: 14/14 MP: 1/1
   200 | D:1      | Reached XP level 2. HP: 16/19 MP: 2/2
   304 | D:1      | Reached skill level 3 in Throwing
   433 | D:1      | Reached XP level 3. HP: 17/24 MP: 3/3
   813 | D:2      | Reached skill level 4 in Throwing
   944 | D:2      | Reached XP level 4. HP: 28/29 MP: 4/4
  1108 | D:2      | Noticed Robin
  1884 | D:2      | Killed Robin
  1885 | D:2      | Reached skill level 5 in Throwing
  1885 | D:2      | Reached XP level 5. HP: 31/34 MP: 5/5
  2241 | D:2      | Found a shadowy altar of Dithmenos.
  2293 | D:2      | Found a snail-covered altar of Cheibriados.
  2293 | D:2      | Found a burning altar of Makhleb.
  2301 | D:2      | Found a blossoming altar of Fedhas.
  2303 | D:2      | Found a basalt altar of Yredelemnul.
  2305 | D:2      | Found a white marble altar of Elyvilon.
  2412 | D:2      | Found a runed translucent door.
  2413 | D:2      | Noticed Crazy Yiuf
  2417 | D:2      | Killed Crazy Yiuf
  2834 | D:3      | Found a broken altar of Ashenzari.
  3297 | D:3      | Reached skill level 6 in Throwing
  3301 | D:3      | Reached skill level 1 in Staves
  3301 | D:3      | Reached XP level 6. HP: 18/39 MP: 6/6
  3303 | D:2      | Slain by a gnoll

Illustrated notes

Levels and vault maps discovered:
D:1:      dpeg_arrival_round_c, layout_basic
D:2:      layout_rooms, lemuel_round_altar, chequers_temple_overflow_minitemple,
          minmay_hexomino_c4, uniq_crazy_yiuf_cottage, uniq_robin
D:3:      layout_basic, evilmike_ruin_ashenzari, grunt_gozag_breadcrumbs,
          uniq_grinder

Skill      XL: |  1  2  3  4  5 |
---------------+----------------+-----
Throwing       | 3 4 5 6 |  6.0
Staves         | 1 |  1.3
Fighting       | |  2.0
Dodging        | |  3.0
Unarmed Combat | |  3.0

Action                   |  1- 3 |  4- 6 || total
-------------------------+-------+-------++-------
Melee: Unarmed           |    64 |    66 ||   130
       Constrict         |    22 |    31 ||    53
       Tentacles         |    16 |    22 ||    38
       Punch             |     1 |     2 ||     3
       Quarterstaff      |       |    37 ||    37
Evoke: Wand              |       |     1 ||     1
  Use: Scroll            |     1 |       ||     1
       Potion            |       |     2 ||     2
 Stab: Sleeping          |     3 |     3 ||     6
Armor: Skin              |     4 |     5 ||     9
Dodge: Dodged            |    41 |    86 ||   127
